[Event "Titled Tuesday Blitz May 30 Late 2023"]
[White "lluiss"]
[Black "Hartikainen, Jarmo"]
[BlackFideId "503134"]
[WhiteElo "2298"]
[BlackElo "2098"]
[Result "1/2-1/2"]
[Round "04"]
[TimeControl "180+2"]
[Date "2023.05.31"]
[WhiteClock "0:00:06"]
[BlackClock "0:00:06"]

1. Nf3 Nf6 2. d4 g6 3. g3 Bg7 4. Bg2 d5 5. O-O O-O 6. c4 c5 7. cxd5 cxd4 8. Nxd4 Nxd5 9. Nc3 Nxc3 10. bxc3 Nc6 11. Nxc6 bxc6 12. Bxc6 Bh3 13. Bg2 Bxg2 14. Kxg2 Bxc3 15. Rb1 Rb8 16. Be3 Rxb1 17. Qxb1 Bd4 18. Qd3 Bxe3 19. Qxe3 a5 20. Qe4 e6 21. Rb1 Qa8 22. Qxa8 Rxa8 23. a4 Kg7 24. Rb5 h5 25. h4 Kf6 26. Kf3 Ke7 27. Kf4 f6 28. Rb7+ Kd6 29. Rg7 Rb8 30. Rxg6 Rb4+ 31. Kf3 Rxa4 32. Rxf6 Ra3+ 33. Kg2 a4 34. Rf4 Ra2 35. g4 hxg4 36. Rxg4 a3 37. h5 Rxe2 38. h6 Re5 39. Rh4 Rg5+ 40. Kf1 Rg8 41. h7 Rh8 42. Ra4 Rxh7 43. Rxa3 Ke5 44. Re3+ Kf5 45. Ke2 e5 46. Rf3+ Ke4 47. Rg3 Ra7 48. Rg4+ Kd5 49. Rb4 Ra2+ 50. Kf3 Ra3+ 51. Kg2 Ra2 52. Rb5+ Ke4 53. Rb4+ Kf5 54. Rb5 Kf4 55. Rb4+ Kf5 56. Rb8 Rc2 57. Rf8+ Ke4 58. Rf7 Kd4 59. Kg3 Ke4 60. Rf8 Kd4 61. Rd8+ Ke4 62. Rf8 Kd4 63. Rd8+ Ke4 64. Rf8 1/2-1/2


[Site "https://www.chess.com"]

[Event "Titled Tuesday Blitz May 30 Late 2023"]
[White "deloewre"]
[Black "Dubreuil, Julien"]
[BlackFideId "621285"]
[WhiteElo "2095"]
[BlackElo "2286"]
[Result "1-0"]
[Round "04"]
[TimeControl "180+2"]
[Date "2023.05.31"]
[WhiteClock "0:01:03"]
[BlackClock "0:01:37"]

1. d4 d5 2. Bf4 Nf6 3. e3 c5 4. c3 Nc6 5. Nd2 g6 6. h3 Bg7 7. Ngf3 O-O 8. Be2 Nd7 9. O-O e5 10. dxe5 Ndxe5 11. Nxe5 Nxe5 12. Nf3 Nc6 13. Qd2 b6 14. Rfd1 Bb7 15. a4 a6 16. Bf1 Na5 17. Qc2 Qe7 18. b3 Rac8 19. Rab1 h6 20. Bh2 Rfe8 21. Qe2 Nc6 22. Qd3 Rcd8 23. Rbc1 Qf6 24. Qb1 Re7 25. b4 Ba8 26. bxc5 bxc5 27. Qb6 Ne5 28. Qxd8+ Kh7 29. Nxe5 Rxe5 30. Qxf6 Bxf6 31. Bxe5 Bxe5 32. Bxa6 1-0


[Site "https://www.chess.com"]

[Event "Titled Tuesday Blitz May 30 Late 2023"]
[White "KVAIDAN"]
[Black "Ricaurte Lopez, Juan Carlos"]
[BlackFideId "3600327"]
[WhiteElo "2284"]
[BlackElo "2200"]
[Result "1-0"]
[Round "04"]
[TimeControl "180+2"]
[Date "2023.05.31"]
[WhiteClock "0:01:52"]
[BlackClock "0:00:04"]

1. b3 d5 2. Bb2 c5 3. e3 a6 4. f4 Nc6 5. Nf3 Bg4 6. h3 Bxf3 7. Qxf3 Nf6 8. g4 e6 9. g5 Ne4 10. Bd3 Nd6 11. h4 c4 12. Bf1 Nb4 13. Na3 b5 14. h5 Rc8 15. h6 Rg8 16. hxg7 Bxg7 17. Bxg7 Rxg7 18. c3 Qa5 19. cxb4 Qxa3 20. bxc4 bxc4 21. f5 Nxf5 22. Bh3 Qb2 23. Rd1 Qe5 24. Bxf5 Qxf5 25. Qxf5 exf5 26. Rh5 Ke7 27. Ke2 Rcg8 28. Rdh1 Rxg5 29. Rxg5 Rxg5 30. Rxh7 Rg2+ 31. Kd1 Rg1+ 32. Kc2 Ra1 33. Kb2 Rd1 34. Rh2 Ke6 35. a4 Ke5 36. Rf2 d4 37. b5 1-0


[Site "https://www.chess.com"]

[Event "Titled Tuesday Blitz May 30 Late 2023"]
[White "Phillips, Rene"]
[Black "The_Straightforward_Rook"]
[WhiteFideId "2056275"]
[WhiteElo "2073"]
[BlackElo "2276"]
[Result "0-1"]
[Round "04"]
[TimeControl "180+2"]
[Date "2023.05.31"]
[WhiteClock "0:02:23"]
[BlackClock "0:02:36"]

1. Nf3 Nf6 2. d4 e6 3. Bf4 d5 4. e3 Bd6 5. Bg3 c5 6. Nbd2 Qc7 7. c3 Nbd7 8. Bb5 O-O 9. Bxd7 Bxd7 10. Ne5 Bb5 11. f4 Ne4 12. Nxe4 dxe4 13. Kf2 f6 0-1


[Site "https://www.chess.com"]

[Event "Titled Tuesday Blitz May 30 Late 2023"]
[White "campochess"]
[Black "Almeida Junior, Alvaro Alves de"]
[BlackFideId "2149974"]
[WhiteElo "2070"]
[BlackElo "2122"]
[Result "1-0"]
[Round "04"]
[TimeControl "180+2"]
[Date "2023.05.31"]
[WhiteClock "0:01:57"]
[BlackClock "0:01:10"]

1. e4 c5 2. Na3 e6 3. c3 d5 4. exd5 exd5 5. d4 Nf6 6. Nf3 Bd6 7. dxc5 Bxc5 8. Bb5+ Bd7 9. Qe2+ Qe7 10. b4 Bd6 11. O-O Bxb5 12. Qxb5+ Qd7 13. Re1+ Kf8 14. Qd3 Nc6 15. Nb5 a6 16. Nxd6 Qxd6 17. a4 Rd8 18. Ba3 b5 19. axb5 axb5 20. Qxb5 Ne4 21. Qd3 Qg6 22. b5+ Ne7 23. Ne5 Qf5 24. Nc6 Qxf2+ 25. Kh1 Qxe1+ 26. Rxe1 Nf2+ 27. Kg1 Nxd3 28. Bxe7+ Kg8 29. Re3 Re8 30. Rxd3 1-0


[Site "https://www.chess.com"]

[Event "Titled Tuesday Blitz May 30 Late 2023"]
[White "dorpato"]
[Black "Wang, Alexander J"]
[BlackFideId "30955270"]
[WhiteElo "2051"]
[BlackElo "2264"]
[Result "0-1"]
[Round "04"]
[TimeControl "180+2"]
[Date "2023.05.31"]
[WhiteClock "0:00:03"]
[BlackClock "0:00:05"]

1. e4 c5 2. Nc3 e6 3. g3 Nf6 4. Bg2 Nc6 5. d3 Be7 6. f4 d5 7. e5 Nd7 8. Nf3 a6 9. O-O b5 10. d4 cxd4 11. Ne2 Bc5 12. Nfxd4 Qb6 13. Be3 Bb7 14. Bf2 Nxd4 15. Nxd4 O-O 16. c3 Rac8 17. b4 Bxd4 18. Bxd4 Qd8 19. Qh5 a5 20. a3 axb4 21. axb4 Ra8 22. Bh3 Qe7 23. g4 Rxa1 24. Rxa1 Ra8 25. Rxa8+ Bxa8 26. f5 Nf8 27. f6 Qc7 28. fxg7 Kxg7 29. Qg5+ Ng6 30. Qe3 Qc4 31. g5 Bc6 32. Qf2 Qd3 33. Qf6+ Kg8 34. Qd8+ Kg7 35. Qf6+ Kg8 36. Bxe6 Qd1+ 37. Kg2 Qe2+ 38. Kg1 Qe1+ 39. Kg2 fxe6 40. Qxe6+ Kg7 41. Qxc6 Nf4+ 42. Kf3 Qe4+ 43. Kf2 Nd3+ 44. Kg3 Qf4+ 45. Kg2 Qg4+ 46. Kf1 Qf3+ 47. Kg1 Nf4 48. e6+ Kg6 49. Qe8+ Kf5 50. Qf7+ Kg4 0-1


[Site "https://www.chess.com"]

[Event "Titled Tuesday Blitz May 30 Late 2023"]
[White "NtcPou"]
[Black "Harish, Neeraj"]
[BlackFideId "30958130"]
[WhiteElo "2033"]
[BlackElo "1879"]
[Result "0-1"]
[Round "04"]
[TimeControl "180+2"]
[Date "2023.05.31"]
[WhiteClock "0:01:34"]
[BlackClock "0:00:46"]

1. e4 e5 2. Nf3 Nc6 3. Bc4 Nf6 4. d3 Bc5 5. O-O O-O 6. Re1 d6 7. c3 a5 8. Nbd2 h6 9. Nf1 Ba7 10. Ng3 Ne7 11. d4 Ng6 12. Be3 Re8 13. Nf5 Be6 14. Bxe6 Rxe6 15. d5 Re8 16. Bxa7 Rxa7 17. g3 Ra8 18. Qc2 Qd7 19. Kg2 Ne7 20. Ne3 g6 21. b4 Kg7 22. a3 c6 23. c4 axb4 24. axb4 cxd5 25. Nxd5 Nexd5 26. cxd5 Qb5 27. Rxa8 Rxa8 28. Rb1 Ra4 29. Qc7 Rxb4 30. Ra1 Qb6 31. Qb8 Nxe4 32. Ra8 Qxf2+ 33. Kh3 Qf1+ 34. Kh4 g5+ 35. Kg4 Nf6+ 36. Kf5 Qxf3# 0-1


[Site "https://www.chess.com"]

[Event "Titled Tuesday Blitz May 30 Late 2023"]
[White "Burke, Paul"]
[Black "Escalante Ramirez, Rafael"]
[WhiteFideId "2605767"]
[BlackFideId "3900177"]
[WhiteElo "1902"]
[BlackElo "2255"]
[Result "1-0"]
[Round "04"]
[TimeControl "180+2"]
[Date "2023.05.31"]
[WhiteClock "0:00:43"]
[BlackClock "0:00:16"]

1. e4 c5 2. d4 cxd4 3. c3 d3 4. Bxd3 d6 5. Nf3 Nc6 6. Bc4 Nf6 7. e5 dxe5 8. Qxd8+ Kxd8 9. Ng5 Kc7 10. Nxf7 Rg8 11. Ng5 e6 12. Nxe6+ Bxe6 13. Bxe6 Rh8 14. O-O Bd6 15. Be3 Raf8 16. Nd2 Nh5 17. Rad1 Nf4 18. Bxf4 exf4 19. Nf3 Rf6 20. Bd5 Ne7 21. Bb3 h6 22. Nd4 a6 23. Ne6+ Kc6 24. Nd4+ Kb6 25. Ne6 Bb8 26. Rd7 Rf7 27. Rfd1 f3 28. g3 Re8 29. Nd8 Rxd8 30. Rxd8 Nc6 31. R8d7 Rxd7 32. Rxd7 Be5 33. Rd3 g5 34. Rxf3 Na5 35. Re3 Bc7 36. Re6+ Kc5 37. Rxh6 1-0


[Site "https://www.chess.com"]

[Event "Titled Tuesday Blitz May 30 Late 2023"]
[White "Kovacevic, Radmila"]
[Black "Castillo Pena, Patricia Evarista"]
[WhiteFideId "933171"]
[BlackFideId "6412106"]
[WhiteElo "2194"]
[BlackElo "1919"]
[Result "1-0"]
[Round "04"]
[TimeControl "180+2"]
[Date "2023.05.31"]
[WhiteClock "0:00:11"]
[BlackClock "0:00:01"]

1. e4 c5 2. Nf3 d6 3. d4 cxd4 4. Nxd4 Nf6 5. Nc3 a6 6. Rg1 e5 7. Nb3 Be6 8. g4 d5 9. g5 Nxe4 10. Nxe4 dxe4 11. Qxd8+ Kxd8 12. Be3 Nd7 13. O-O-O Kc7 14. Bg2 Bf5 15. a3 Rc8 16. Kb1 Be7 17. Rd5 Rhd8 18. Rgd1 f6 19. h4 Nb6 20. Rxd8 Rxd8 21. Rxd8 Bxd8 22. Nd2 Nd5 23. gxf6 gxf6 24. Nxe4 Nxe3 25. fxe3 Be7 26. Ng3 Be6 27. Be4 f5 28. Nxf5 Bxf5 29. Bxf5 Bxh4 30. Bxh7 Kd6 31. Kc1 Bf2 32. Kd2 b5 33. Be4 a5 34. Ke2 Bg3 35. Bd3 b4 36. axb4 axb4 37. Bc4 Kc5 38. Bb3 Bh4 39. Kd3 Be1 40. Ke4 Bg3 41. Kd3 Bf2 42. Bf7 Bg3 43. c3 bxc3 44. Kxc3 Bf2 45. b4+ Kb5 46. Be8+ Kb6 47. Kd3 Be1 48. Kc4 Bf2 49. Kd3 Be1 50. b5 Bf2 51. Ke4 Bg3 52. Kd5 Bh2 53. Bc6 Bg3 54. Ke4 1-0


[Site "https://www.chess.com"]

[Event "Titled Tuesday Blitz May 30 Late 2023"]
[White "Zhigalko, Sergei"]
[Black "Vachier-Lagrave, Maxime"]
[WhiteFideId "13502956"]
[BlackFideId "623539"]
[WhiteElo "2626"]
[BlackElo "2723"]
[Result "0-1"]
[Round "05"]
[TimeControl "180+2"]
[Date "2023.05.31"]
[WhiteClock "0:00:27"]
[BlackClock "0:00:41"]

1. e4 c6 2. d4 d5 3. e5 Bf5 4. Nf3 e6 5. Be2 c5 6. Be3 Qb6 7. Nc3 Nc6 8. dxc5 Bxc5 9. Bxc5 Qxc5 10. Nb5 Kf8 11. Nbd4 Nge7 12. O-O Be4 13. Re1 Ng6 14. Nxc6 bxc6 15. Bd3 Bxf3 16. Qxf3 Rb8 17. g3 Rxb2 18. Bxg6 hxg6 19. Rab1 Rb6 20. c4 d4 21. Qf4 Qxc4 22. Rbc1 Qd5 23. Re2 Rh5 24. h4 Rf5 25. Qe4 Rf3 26. Qxd5 exd5 27. e6 Rc3 28. Rce1 d3 29. Rd2 f6 30. e7+ Ke8 31. Re3 d4 32. Rexd3 Rxd3 33. Rxd3 c5 34. Ra3 a6 35. Ra5 Rc6 36. Kf1 Kxe7 37. Ke2 Kd6 38. Kd3 Kd5 0-1


[Site "https://www.chess.com"]

[Event "Titled Tuesday Blitz May 30 Late 2023"]
[White "Bluebaum, Matthias"]
[Black "Durarbayli, Vasif"]
[WhiteFideId "24651516"]
[BlackFideId "13402935"]
[WhiteElo "2639"]
[BlackElo "2551"]
[Result "0-1"]
[Round "05"]
[TimeControl "180+2"]
[Date "2023.05.31"]
[WhiteClock "0:00:25"]
[BlackClock "0:00:09"]

1. d4 Nf6 2. c4 e6 3. Nc3 Bb4 4. e3 O-O 5. Bd2 Re8 6. Bd3 d5 7. Nf3 c5 8. a3 cxd4 9. axb4 dxc3 10. Bxc3 Nbd7 11. b3 e5 12. Be2 Qc7 13. O-O dxc4 14. bxc4 b6 15. Qb3 Bb7 16. Rfd1 a6 17. h3 Rac8 18. Nd2 h6 19. Rac1 Qc6 20. Bf3 e4 21. Be2 Ne5 22. Bxe5 Rxe5 23. Qb2 Rg5 24. Nf1 Qe6 25. Kh1 Qf5 26. Rd2 Re8 27. Bd1 Bc8 28. Ng3 Qg6 29. Kh2 h5 30. h4 Rge5 31. Rd8 Rxd8 32. Qxe5 Rxd1 33. Qxf6 Qxf6 34. Rxd1 Be6 35. Kg1 Bxc4 36. Nxe4 Qxh4 37. Rd4 b5 38. f4 Qe7 39. Kf2 Qxb4 40. Rd8+ Kh7 41. Ng5+ Kg6 42. Nf3 f6 43. e4 Qb2+ 44. Kg3 Kh7 45. Nh4 Qa3+ 46. Kh2 Qe7 47. Rh8+ Kxh8 48. Ng6+ Kh7 49. Nxe7 b4 50. e5 fxe5 51. f5 b3 52. Ng6 b2 53. Nf8+ Kg8 54. Nd7 b1=Q 55. Nf6+ gxf6 56. Kg3 Qd3+ 57. Kh2 Qe4 58. g4 Bd5 59. gxh5 Qg2# 0-1


[Site "https://www.chess.com"]

[Event "Titled Tuesday Blitz May 30 Late 2023"]
[White "Kravtsiv, Martyn"]
[Black "Duda, Jan-Krzysztof"]
[WhiteFideId "14113147"]
[BlackFideId "1170546"]
[WhiteElo "2695"]
[BlackElo "2790"]
[Result "0-1"]
[Round "05"]
[TimeControl "180+2"]
[Date "2023.05.31"]
[WhiteClock "0:00:01"]
[BlackClock "0:00:03"]

1. e4 c5 2. Nf3 d6 3. Bb5+ Nd7 4. d4 cxd4 5. Qxd4 a6 6. Bxd7+ Bxd7 7. O-O Rc8 8. c4 e5 9. Qd3 b5 10. Na3 Qb6 11. cxb5 axb5 12. Bd2 Nf6 13. Rac1 Rxc1 14. Rxc1 Be7 15. Bb4 d5 16. Bxe7 dxe4 17. Qd2 exf3 18. Bc5 Qe6 19. gxf3 Nd5 20. Qa5 Qg6+ 21. Kh1 Bc6 22. Nxb5 Nf4 23. Nc7+ Kd7 24. Rd1+ Kc8 25. Qa6+ Bb7 26. Qxg6 hxg6 27. Re1 Bxf3+ 28. Kg1 Ne2+ 29. Rxe2 Bxe2 30. Nd5 Bf3 31. Ne3 Kd7 32. a4 Ra8 33. b3 Kc6 34. Ba3 Rd8 35. h4 Rd3 36. Bb2 Rxb3 37. Bxe5 f6 38. Bd4 Rb4 39. Bc3 Rxh4 40. a5 Rh1# 0-1


[Site "https://www.chess.com"]

[Event "Titled Tuesday Blitz May 30 Late 2023"]
[White "Rasulov, Vugar"]
[Black "Rustemov, Alexander"]
[WhiteFideId "13402390"]
[BlackFideId "4119002"]
[WhiteElo "2509"]
[BlackElo "2876"]
[Result "0-1"]
[Round "05"]
[TimeControl "180+2"]
[Date "2023.05.31"]
[WhiteClock "0:00:02"]
[BlackClock "0:00:14"]

1. e4 e6 2. d4 d5 3. Nc3 dxe4 4. Nxe4 Bd7 5. Nf3 Bc6 6. Neg5 Nd7 7. Bd3 Ngf6 8. Qe2 Qe7 9. O-O h6 10. Ne4 Nxe4 11. Bxe4 Bxe4 12. Qxe4 O-O-O 13. c4 g5 14. Qe2 Bg7 15. Be3 Rhe8 16. Rfd1 f5 17. c5 c6 18. b4 f4 19. Bd2 e5 20. Bc3 e4 21. Nd2 Nf6 22. Nc4 Nd5 23. Qc2 e3 24. Nd6+ Rxd6 25. cxd6 Qxd6 26. Be1 exf2+ 27. Bxf2 Ne3 28. Qe2 Bxd4 29. Kh1 Qe5 30. Rxd4 Qxd4 31. Rg1 Qxb4 32. Qh5 Re6 33. Qf7 Qe7 34. Qg8+ Kc7 35. Qa8 Qa3 36. Rb1 b6 37. Qg8 Rd6 38. Rg1 Rd7 39. Qe6 Qd6 40. Qe4 Ng4 41. Be1 Qd5 42. Qa4 Kb7 43. h3 Ne3 44. Bf2 c5 45. Bxe3 fxe3 46. Re1 Re7 47. Qg4 Qe4 48. Qg3 e2 49. Qf2 c4 50. Qf6 Qe5 51. Qxh6 c3 52. Qh5 c2 53. Qf3+ Qe4 54. Qc3 Rc7 55. Qd2 c1=Q 0-1


[Site "https://www.chess.com"]

[Event "Titled Tuesday Blitz May 30 Late 2023"]
[White "Tejedor Fuente, Enrique"]
[Black "Hakobyan, Aram"]
[WhiteFideId "2299100"]
[BlackFideId "13306677"]
[WhiteElo "2496"]
[BlackElo "2584"]
[Result "0-1"]
[Round "05"]
[TimeControl "180+2"]
[Date "2023.05.31"]
[WhiteClock "0:00:05"]
[BlackClock "0:00:57"]

1. d4 g6 2. e4 Bg7 3. Nc3 c5 4. dxc5 Bxc3+ 5. bxc3 Nf6 6. e5 Ne4 7. Qd4 Qa5 8. Ne2 Nxc5 9. Bh6 Nc6 10. Qe3 b6 11. f4 Ba6 12. Kf2 O-O-O 13. Nd4 Bxf1 14. Rhxf1 Qxc3 15. Qxc3 Ne4+ 16. Ke3 Nxc3 17. a4 f5 18. Ra3 Nd5+ 19. Kd3 Ndb4+ 20. Kc4 Nxd4 21. c3 Ndc2 22. cxb4 Nxa3+ 23. Kb3 Kb7 24. Kxa3 Rc8 25. Rf3 Rc4 26. Bg5 Rhc8 27. Kb3 e6 28. Rh3 a5 29. bxa5 bxa5 30. Be7 Rxf4 31. Rxh7 Kc6 32. Bd6 g5 33. Rh3 Kd5 34. Rd3+ Rd4 35. Rh3 Ke4 36. Rh7 Rd3+ 37. Kb2 Rd2+ 38. Kb3 Kd4 39. Rh3 Rd3+ 40. Rxd3+ Kxd3 41. g3 g4 42. Be7 Rc3+ 43. Ka2 Rc2+ 44. Kb3 Rxh2 45. Bd8 f4 46. gxf4 g3 47. Bxa5 Rh1 48. Bb6 Rb1+ 0-1


[Site "https://www.chess.com"]

[Event "Titled Tuesday Blitz May 30 Late 2023"]
[White "Schmakel, Sam"]
[Black "Makarian, Rudik"]
[WhiteFideId "2039311"]
[BlackFideId "44105681"]
[WhiteElo "2356"]
[BlackElo "2461"]
[Result "0-1"]
[Round "05"]
[TimeControl "180+2"]
[Date "2023.05.31"]
[WhiteClock "0:00:03"]
[BlackClock "0:00:02"]

1. d4 Nf6 2. c4 e6 3. Nf3 d5 4. Nc3 Be7 5. Bf4 O-O 6. Rc1 a6 7. c5 Nc6 8. e3 Nh5 9. Bg3 g6 10. Bd3 b6 11. cxb6 cxb6 12. a3 Bd7 13. Ne2 b5 14. Nf4 Nxg3 15. hxg3 Rc8 16. Bb1 Bf6 17. Nd3 Na5 18. Nc5 Nc4 19. Qe2 Rxc5 20. dxc5 Qa5+ 21. Kf1 Nxb2 22. c6 Bc8 23. Nd4 Nc4 24. Kg1 Qxa3 25. Kh2 Qd6 26. Rhd1 e5 27. Nb3 Qxc6 28. e4 Be6 29. exd5 Bxd5 30. Na5 Qe6 31. Nxc4 Bxc4 32. Qd2 a5 33. Qxa5 Bg5 34. Rc3 Qg4 35. f3 Qh5+ 36. Kg1 Be7 37. Qc7 Bb4 38. Re3 e4 39. g4 Qc5 40. Qf4 exf3 41. Qxf3 Qb6 42. Kh1 Bc5 43. Re5 Bd4 44. Re7 Bf6 45. Red7 Bg5 46. R7d6 Qc5 47. Be4 Qe5 48. Rd7 Be6 49. Rb7 Bd8 50. Bd5 Bc7 51. Be4 Qh2# 0-1


[Site "https://www.chess.com"]

[Event "Titled Tuesday Blitz May 30 Late 2023"]
[White "Prohaszka, Peter"]
[Black "Ibarra Jerez, Jose Carlos"]
[WhiteFideId "726265"]
[BlackFideId "2226332"]
[WhiteElo "2626"]
[BlackElo "2638"]
[Result "1/2-1/2"]
[Round "05"]
[TimeControl "180+2"]
[Date "2023.05.31"]
[WhiteClock "0:00:05"]
[BlackClock "0:00:05"]

1. d4 Nf6 2. Nf3 e6 3. c3 d5 4. Bg5 h6 5. Bxf6 Qxf6 6. Nbd2 c6 7. e4 g6 8. Bd3 Bg7 9. O-O O-O 10. a4 a5 11. Re1 b6 12. Ne5 Qd8 13. Qf3 Qd6 14. exd5 exd5 15. h4 h5 16. Qf4 Qf6 17. Qxf6 Bxf6 18. Ndf3 Kg7 19. Ng5 Ra7 20. Re3 Rc7 21. Rg3 Bxg5 22. hxg5 c5 23. Re1 Nc6 24. Bb5 Nxe5 25. Rxe5 Be6 26. Rd3 Rfc8 27. Kh2 Kf8 28. Kg3 Ke7 29. Kf4 Kd6 30. Rd2 Rf8 31. Kg3 cxd4 32. cxd4 Rfc8 33. Re3 Rc1 34. Rb3 Rh8 35. f3 h4+ 36. Kf4 h3 37. gxh3 Rxh3 38. Be2 Kc7 39. Rc3+ Rxc3 40. bxc3 Rh1 41. Bb5 Kd6 42. Rb2 Rh4+ 43. Ke3 Rh3 44. Be2 Kc7 45. Kf4 Rh1 46. Bb5 Re1 47. Be2 Rc1 48. Rb3 Bd7 49. Bb5 Bxb5 50. Rxb5 Rxc3 51. Rxd5 Rc4 52. Ke5 Rxa4 53. Kf6 Ra3 54. Kxf7 Rxf3+ 55. Kxg6 a4 56. Rf5 Rd3 57. Kf7 a3 58. Rf2 Rxd4 59. g6 a2 60. Rxa2 Rf4+ 61. Kg8 Rg4 62. g7 b5 63. Rh2 Kb6 64. Kh7 b4 65. Rh6+ Kb5 66. Rg6 Rh4+ 67. Rh6 Rg4 68. Rg6 Rh4+ 69. Kg8 Rf4 70. Rg5+ Ka4 71. Kh7 Rf7 72. Kg6 Rxg7+ 73. Kxg7 b3 74. Rg4+ Ka3 75. Rg3 Ka2 76. Kf6 b2 77. Rg2 Ka1 78. Rxb2 Kxb2 1/2-1/2


[Site "https://www.chess.com"]

[Event "Titled Tuesday Blitz May 30 Late 2023"]
[White "Xiong, Jeffery"]
[Black "Maurizzi, Marc`Andria"]
[WhiteFideId "2047640"]
[BlackFideId "36083534"]
[WhiteElo "2726"]
[BlackElo "2421"]
[Result "0-1"]
[Round "05"]
[TimeControl "180+2"]
[Date "2023.05.31"]
[WhiteClock "0:02:33"]
[BlackClock "0:01:56"]

1. e4 c5 2. Nf3 e6 3. c3 d5 4. e5 Nc6 5. d4 Bd7 6. Be2 Nge7 7. Na3 Ng6 8. Nc2 Be7 9. g3 cxd4 10. cxd4 O-O 11. h4 f6 12. h5 Nh8 13. h6 g6 14. exf6 Bxf6 15. Ne3 Nf7 16. Ng4 Bh8 17. Bf4 Qb6 18. Nge5 Nfxe5 19. Nxe5 Nxe5 20. Bxe5 Bxe5 21. dxe5 Qxf2+ 22. Kd2 Qd4+ 23. Ke1 Qxe5 24. Qb3 Bc6 25. Rd1 d4 26. Rh4 Bf3 0-1


[Site "https://www.chess.com"]

[Event "Titled Tuesday Blitz May 30 Late 2023"]
[White "Papasimakopoulos, Alexandros"]
[Black "Naroditsky, Daniel"]
[WhiteFideId "4244125"]
[BlackFideId "2026961"]
[WhiteElo "2359"]
[BlackElo "2633"]
[Result "1/2-1/2"]
[Round "05"]
[TimeControl "180+2"]
[Date "2023.05.31"]
[WhiteClock "0:01:10"]
[BlackClock "0:01:17"]

1. d4 Nf6 2. c4 g6 3. Nc3 Bg7 4. Bg5 d6 5. e3 Bf5 6. Bd3 Bxd3 7. Qxd3 Nbd7 8. Nf3 O-O 9. O-O c6 10. Rfd1 a6 11. a4 a5 12. e4 e5 13. dxe5 dxe5 14. Be3 Qe7 15. Qd6 Rfe8 16. Qxe7 Rxe7 17. h3 Bf8 18. Nd2 Ree8 19. Nb3 Bb4 20. f3 Nf8 21. Na2 Be7 22. Bb6 N8d7 23. Be3 Nf8 24. Bb6 N8d7 25. Bf2 Nf8 26. Bb6 1/2-1/2


[Site "https://www.chess.com"]

[Event "Titled Tuesday Blitz May 30 Late 2023"]
[White "Paravyan, David"]
[Black "Goryachkina, Aleksandra"]
[WhiteFideId "4194985"]
[BlackFideId "4147103"]
[WhiteElo "2563"]
[BlackElo "2471"]
[Result "1/2-1/2"]
[Round "05"]
[TimeControl "180+2"]
[Date "2023.05.31"]
[WhiteClock "0:00:09"]
[BlackClock "0:00:05"]

1. Nf3 d5 2. g3 g6 3. Bg2 Bg7 4. d4 Nf6 5. O-O O-O 6. c4 c6 7. Qa4 Nbd7 8. cxd5 cxd5 9. Nc3 Nb6 10. Qb3 e6 11. Bf4 Bd7 12. Bd6 Re8 13. Ne5 Bc6 14. Qa3 Nfd7 15. Nxd7 Qxd7 16. Bf4 Bxd4 17. Rad1 Bg7 18. Qb3 d4 19. Bxc6 Qxc6 20. Nb5 e5 21. Rc1 Qd5 22. Bd2 Qxb3 23. axb3 Re7 24. Rc5 Rd7 25. Rfc1 f6 26. Ba5 Nd5 27. Nc7 Nxc7 28. Rxc7 Rxc7 29. Rxc7 b6 30. Bd2 f5 31. Kg2 e4 32. b4 d3 33. exd3 exd3 34. b3 Rd8 35. Rxa7 Bd4 36. Rb7 h5 37. h4 Rd5 38. Kf3 Re5 39. Rd7 Re2 40. Rxd4 Rxd2 41. Ke3 Re2+ 42. Kf3 Rd2 43. Rd6 Kf7 44. Ke3 Re2+ 45. Kf3 Rd2 46. Rxb6 Rb2 47. Ke3 Rxb3 48. b5 Kg7 49. Rb8 Kh7 50. b6 Kg7 51. Kd2 Kh7 52. Ke3 Kg7 53. Rb7+ Kg8 54. Kd2 Kh8 55. f3 Kg8 56. Ke3 Kh8 57. f4 Kg8 58. Kd2 Kh8 59. Rb8+ Kg7 60. Ke3 Kh7 61. b7 Kg7 62. Kd2 Kh7 63. Rd8 Rxb7 64. Rxd3 Kg7 65. Ke3 Re7+ 66. Kf3 Kf7 67. Re3 Rd7 68. Ra3 Re7 69. Re3 Rd7 70. Ra3 Re7 71. Re3 1/2-1/2


[Site "https://www.chess.com"]

[Event "Titled Tuesday Blitz May 30 Late 2023"]
[White "Pranav, V"]
[Black "Do Valle Cardoso, Lucas"]
[WhiteFideId "25060783"]
[BlackFideId "2163144"]
[WhiteElo "2515"]
[BlackElo "2372"]
[Result "1-0"]
[Round "05"]
[TimeControl "180+2"]
[Date "2023.05.31"]
[WhiteClock "0:01:44"]
[BlackClock "0:00:05"]

1. e4 c5 2. Nf3 d6 3. d4 cxd4 4. Nxd4 Nf6 5. Nc3 a6 6. Bg5 e6 7. f4 Be7 8. Qf3 Qc7 9. O-O-O Nbd7 10. g4 b5 11. Bxf6 Nxf6 12. g5 Nd7 13. h4 O-O 14. Nf5 exf5 15. Nd5 Qd8 16. exf5 Rb8 17. f6 gxf6 18. Bd3 f5 19. Bxf5 Nc5 20. Bxc8 Rxc8 21. f5 Re8 22. Rhe1 Nd7 23. Qh5 Ne5 24. Rxe5 dxe5 25. g6 Bg5+ 26. hxg5 fxg6 27. fxg6 hxg6 28. Qxg6+ 1-0


[Site "https://www.chess.com"]

[Event "Titled Tuesday Blitz May 30 Late 2023"]
[White "Muradli, Mahammad"]
[Black "Turayev, Shahruh"]
[WhiteFideId "13409301"]
[BlackFideId "14003856"]
[WhiteElo "2558"]
[BlackElo "2185"]
[Result "1-0"]
[Round "05"]
[TimeControl "180+2"]
[Date "2023.05.31"]
[WhiteClock "0:00:54"]
[BlackClock "0:00:01"]

1. Nf3 Nf6 2. c4 e6 3. g3 d5 4. Bg2 Be7 5. O-O O-O 6. b3 d4 7. Bb2 c5 8. e3 Nc6 9. exd4 cxd4 10. Re1 Re8 11. d3 a5 12. Nbd2 Bb4 13. a3 Bc3 14. Bxc3 dxc3 15. Nb1 e5 16. Nxc3 Bg4 17. h3 Bh5 18. g4 Bg6 19. Re3 Qd6 20. Qe2 Rad8 21. Nb5 Qf8 22. Nxe5 Nxe5 23. Rxe5 Rxe5 24. Qxe5 Rxd3 25. Re1 Rxb3 26. g5 Nh5 27. Qc7 h6 28. gxh6 gxh6 29. Nd6 Rb1 30. Rxb1 Bxb1 31. Nxb7 Qxa3 32. Kh2 Qc1 33. Nxa5 Nf4 34. Nb3 Qc3 35. Qxf4 Qxb3 36. c5 Qc3 37. c6 Bg6 38. c7 Kh7 39. Bb7 Be4 40. Bxe4+ 1-0


[Site "https://www.chess.com"]

[Event "Titled Tuesday Blitz May 30 Late 2023"]
[White "Bruedigam, Martin"]
[Black "Holt, Conrad"]
[WhiteFideId "24608033"]
[BlackFideId "2034387"]
[WhiteElo "2331"]
[BlackElo "2592"]
[Result "0-1"]
[Round "05"]
[TimeControl "180+2"]
[Date "2023.05.31"]
[WhiteClock "0:00:18"]
[BlackClock "0:00:21"]

1. d4 d5 2. c4 c6 3. Nc3 dxc4 4. e3 b5 5. a4 b4 6. Ne4 Qd5 7. Nd2 c3 8. bxc3 bxc3 9. Nb1 Qa5 10. Qc2 Na6 11. Qxc3 Nb4 12. Bd2 e6 13. Nf3 Nf6 14. Bd3 Nfd5 15. Qb3 Nxd3+ 16. Qxd3 Qa6 17. Qc2 Nb4 18. Bxb4 Bxb4+ 19. Nbd2 f6 20. Rc1 Bd7 21. Qc4 Qxa4 22. O-O O-O 23. Ne4 Qb5 24. Qb3 a5 25. Nc5 Bxc5 26. Qxb5 cxb5 27. dxc5 e5 28. c6 Bf5 29. Rc5 b4 30. Nd2 Bd3 31. Rd1 a4 32. Nc4 Bc2 33. Rc1 b3 34. Na3 Bf5 35. Rb5 Rfb8 36. Rxb8+ Rxb8 37. c7 Rc8 38. Rc4 b2 39. e4 Bxe4 40. Rxe4 Rxc7 41. g4 Rc1+ 42. Kg2 Ra1 43. Rxa4 b1=Q 44. Nxb1 Rxa4 45. h3 Kf7 46. Nd2 Rb4 47. Nf1 Ke6 48. Ng3 g6 49. Nf1 f5 50. Nh2 Kf6 51. gxf5 gxf5 52. Nf3 Rb3 53. Ng1 Ra3 54. Ne2 Kg5 55. Ng3 e4 56. Nf1 f4 57. Nh2 Kf5 58. h4 h5 59. f3 Ra2+ 60. Kh3 e3 61. Nf1 e2 0-1


[Site "https://www.chess.com"]

[Event "Titled Tuesday Blitz May 30 Late 2023"]
[White "Sun, Rick"]
[Black "Sarana, Alexey"]
[WhiteFideId "30909481"]
[BlackFideId "24133795"]
[WhiteElo "2169"]
[BlackElo "2714"]
[Result "0-1"]
[Round "05"]
[TimeControl "180+2"]
[Date "2023.05.31"]
[WhiteClock "0:00:03"]
[BlackClock "0:00:58"]

1. d4 Nf6 2. Nc3 d5 3. Bf4 a6 4. e3 c5 5. Nf3 Nc6 6. dxc5 Bg4 7. Be2 e6 8. h3 Bxf3 9. Bxf3 Bxc5 10. O-O O-O 11. Re1 Bd6 12. Bg5 Be5 13. Ne2 h6 14. Bh4 Bxb2 15. Rb1 Be5 16. Rxb7 Na5 17. Rb4 Qd6 18. Ra4 Qc5 19. Nd4 Nc4 20. Qe2 Rfc8 21. Rb1 Bxd4 22. exd4 Qxd4 23. Bxf6 Qxf6 24. Rb7 g6 25. Rab4 a5 26. Rb1 Na3 27. R1b2 Kg7 28. g3 Rc5 29. Kg2 Rac8 30. R2b3 Rxc2 31. Qe3 Nc4 32. Qa7 Ne5 33. Re3 R8c3 34. Rxe5 Qxf3+ 35. Kf1 Rc1+ 36. Re1 Qh1+ 37. Ke2 Qxe1# 0-1


[Site "https://www.chess.com"]